 Dungeon Crawl Stone Soup version 0.17-a0-2220-g6fea741 (console) character file.

420 Kellhus the Slasher (level 6, -7/47 HPs)
             Began as a Mummy Chaos Knight on Oct 28, 2015.
             Mangled by an iron imp (10 damage)
             ... on level 5 of the Dungeon.
             The game lasted 00:06:29 (3908 turns).

Kellhus the Slasher (Mummy Chaos Knight)            Turns: 3908, Time: 00:06:30

Health: -7/47      AC:  7    Str: 17    XL:     6   Next: 62%
Magic:  6/6        EV: 11    Int: 12    God:    Xom [...*..]
Gold:   263        SH:  0    Dex: 11    Spells: 0 memorised, 5 levels left

rFire  x . .     SeeInvis .     a - +0 falchion (chaos)
rCold  + . .     Clarity  .     b - +2 leather armour
rNeg   + + +     SustAt   .     (no shield)
rPois  ∞         Gourm    .     k - +0 helmet
rElec  .         Spirit   .     (no cloak)
rCorr  .         Warding  .     (no gloves)
rMut   .         Stasis   .     l - +0 pair of boots
MR     .....                    (no amulet)
Stlth  +.........               (no ring)
                                (no ring)

@: not resistant to hostile enchantments, very unstealthy
A: no food or potions, fire vulnerability, cold resistance 1, negative energy
resistance 3, torment resistance, unbreathing
a: Renounce Religion


You were on level 5 of the Dungeon.
You worshipped Xom.
You were a favourite toy of Xom.
You were not hungry.

You visited 1 branch of the dungeon, and saw 5 of its levels.

You collected 263 gold pieces.

Inventory:

Hand Weapons
 a - a +0 falchion of chaos (weapon)
Armour
 b - a +2 leather armour (worn)
 k - a +0 helmet (worn)
 l - a +0 pair of boots (worn)
Wands
 n - a wand of disintegration (13)
Scrolls
 c - a scroll of magic mapping
 d - a scroll of teleportation
 f - 2 scrolls of amnesia
 g - a scroll of noise


   Skills:
 - Level 3.0 Fighting
 + Level 6.3 Long Blades
 - Level 1.5 Armour
 - Level 0.7 Dodging


You had 5 spell levels left.
You didn't know any spells.

Dungeon Overview and Level Annotations

Branches:
Dungeon (5/15)
 Temple: D:4-7

Altars:
Cheibriados
Dithmenos
Vehumet
Xom

Annotations:
D:4 SlimeFever's ghost, novice DsGl


Innate Abilities, Weirdness & Mutations

You do not eat or drink.
Your flesh is vulnerable to fire.
You are immune to poison.
Your flesh is cold resistant.
You are immune to negative energy.
You are immune to unholy pain and torment.
You can survive without breathing.


Message History

You hit the orc but do no damage. The orc hits you but does no damage.
The orc hits you but does no damage.
Unknown command.
You closely miss the orc. The iron imp barely misses you.
The orc hits you but does no damage.
You barely miss the orc.
The orc wizard gestures wildly while chanting.
The orc wizard blinks!
The orc barely misses you.
The iron imp hits you but does no damage.
The orc hits you with a whip.
* * * LOW HITPOINT WARNING * * *
You barely miss the orc. The orc hits you but does no damage.
The orc wizard casts a spell.
The orc wizard blinks!
The orc barely misses you.
The iron imp hits you but does no damage.
You barely miss the orc. The orc closely misses you.
The orc hits you but does no damage.
You closely miss the orc. The iron imp hits you!
You die...
Xom titters!

#.....###..###...#
####............#..#
.........$......#..#
........5.......#..######
o...........o............
..............
........##§..............
....... #######.........
....... #.........
....... ....... #######


You could see an iron imp, an orc wizard and 2 orcs.

Vanquished Creatures
  An ogre (D:4)
  3 hounds
  An orc wizard (D:4)
  Natasha (D:3)
  Robin (D:3)
  11 adders
  2 worms
  2 giant geckos
  14 orcs
  6 ball pythons
  5 bats
  6 giant cockroaches
  15 goblins
  5 hobgoblins
  2 jackals (D:5)
  5 kobolds
  2 giant newts
  A jackal skeleton (D:4)
  2 quokkas
  A rat (D:2)
86 creatures vanquished.

Vanquished Creatures (others)
  A worm (D:5)
  An orc (D:4)
2 creatures vanquished.

Grand Total: 88 creatures vanquished

Notes
Turn   | Place    | Note
--------------------------------------------------------------
     0 | D:1      | Kellhus the Mummy Chaos Knight began the quest for the Orb.
     0 | D:1      | Reached XP level 1. HP: 18/18 MP: 1/1
   447 | D:1      | Reached XP level 2. HP: 24/24 MP: 2/2
   544 | D:1      | XOM: colour smoke trail
   551 | D:1      | XOM: harmless Summ miscast
   693 | D:2      | Found a radiant altar of Vehumet.
   740 | D:2      | Reached XP level 3. HP: 29/29 MP: 3/3
  1099 | D:2      | Reached skill level 4 in Long Blades
  1219 | D:3      | Reached XP level 4. HP: 35/35 MP: 4/4
  1310 | D:3      | Noticed Robin
  1536 | D:3      | Killed Robin
  1769 | D:3      | Noticed Natasha
  1776 | D:3      | XOM: summons friendly quasit
  1785 | D:3      | Killed Natasha
  2070 | D:3      | Reached XP level 5. HP: 23/41 MP: 5/5
  2516 | D:3      | XOM: colour smoke trail
  2535 | D:3      | Reached skill level 5 in Long Blades
  2540 | D:3      | XOM: divination: detect creatures
  2682 | D:4      | XOM: scenery: create altars
  3020 | D:3      | XOM: divination: detect creatures
  3228 | D:4      | XOM: potion effect (invisibility)
  3231 | D:4      | Reached XP level 6. HP: 44/47 MP: 6/6
  3385 | D:4      | Noticed an ogre
  3385 | D:4      | XOM: harmless Pois miscast
  3407 | D:4      | XOM: silly message
  3410 | D:4      | XOM: confuse monster(s)
  3419 | D:4      | Killed an ogre
  3419 | D:4      | Reached skill level 6 in Long Blades
  3463 | D:4      | Noticed a yak
  3487 | D:4      | XOM: confuse monster(s)
  3489 | D:4      | XOM: confusion (+ monsters)
  3516 | D:4      | XOM: divination: detect items
  3554 | D:4      | XOM: potion effect (agility)
  3559 | D:4      | XOM: mild Necr miscast
  3566 | D:4      | XOM: cast spell 'Cause Fear'
  3622 | D:4      | Noticed SlimeFever's ghost (novice DsGl)
  3623 | D:5      | Entered Level 5 of the Dungeon
  3623 | D:5      | Found a shadowy altar of Dithmenos.
  3688 | D:5      | XOM: enchant monster (good)
  3884 | D:5      | Found a snail-covered altar of Cheibriados.
  3891 | D:5      | XOM: polymorph orc -> adder
  3908 | D:5      | Mangled by an iron imp

Vault maps used:
D:1:      eino_arrival_water_cross
D:2:      lemuel_round_altar, first_bread, minmay_shallow_snake_nest
D:3:      uniq_natasha, uniq_robin
D:4:      minmay_opposing_rooms, fedhas_altar_1
D:5:      slow_altar_1, basic_altar

Action                   |  1- 3 |  4- 6 || total
-------------------------+-------+-------++-------
Melee: Falchion          |    90 |   257 ||   347
  Use: Scroll            |       |     8 ||     8
 Stab: Paralysed         |     3 |       ||     3
       Invisible         |       |     3 ||     3
       Petrifying        |       |     1 ||     1
       Confused          |       |     1 ||     1
       Sleeping          |       |     1 ||     1
